 Dungeon Crawl Stone Soup version 0.27-a0-920-gb2bd10914a (webtiles) character file.

Game seed: 4199736391146026030

49 sanka the Magician (level 3, 0/29 HPs)
             Began as a Djinni Summoner on Apr 9, 2021.
             Slain by Terence
             ... wielding a +0 hand axe
              (5 damage)
             ... on level 2 of the Dungeon.
             The game lasted 00:02:59 (1980 turns).

sanka the Magician (Djinni Summoner)                Turns: 1980, Time: 00:02:59

Health: 0/29       AC:  2    Str:  7    XL:     3   Next: 75%
Gold:   20         EV: 12    Int: 17    God:
                   SH:  0    Dex: 13

rFire    + + .     SeeInvis .   b - +2 dagger (speed)
rCold    x . .     Faith    +   (no shield)
rNeg     . . .     Spirit   .   a - +0 robe
rPois    ∞         Reflect  .   (no helmet)
rElec    .         Harm     .   (no cloak)
rCorr    .         Rampage  .   (no gloves)
Will     .....                  (boots unavailable)
Stlth    ++........             h - amulet of faith
HPRegen  0.09/turn              (no ring)
MPRegen  0.00/turn              (no ring)

@: flying
A: fire resistance 2, cold vulnerability 1, float, innate caster, hp casting,
extra vitality 1
a: no special abilities


You were on level 2 of the Dungeon.
You visited 1 branch of the dungeon, and saw 2 of its levels.

You collected 20 gold pieces.


Innate Abilities, Weirdness & Mutations

You are immune to poison.
Your flesh is very heat resistant. (rF++)
You are vulnerable to cold. (rC-)
You float through the air rather than walking.
You learn spells naturally, not from books.
Your magical power is your life essence.
You have superior vitality. (+4 HP)


   Skills:
 + Level 2.6 Fighting
 - Level 2.1 Dodging
 - Level 1.5 Stealth
 - Level 4.0 Spellcasting


You couldn't memorise any spells.
You knew the following spells:

 Your Spells              Type           Power      Damage    Failure   Level
c - Call Canine Familiar  Summ           17%        N/A       9%          3
v - Summon Ice Beast      Ice/Summ       17%        N/A       30%         4
x - Call Imp              Summ           17%        N/A       4%          2
y - Sting                 Tmut/Pois      68%        1d6       3%          1
z - Summon Small Mammal   Summ           68%        N/A       3%          1
X - Summon Lightning Spi  Summ/Air       17%        N/A       30%         4
Z - Summon Guardian Gole  Hex/Summ       17%        N/A       9%          3
Your spell library was empty.

Inventory:

Hand Weapons
 b - a +2 dagger of speed (weapon)
Missiles
 c - 16 poisoned darts (quivered)
Armour
 a - a +0 robe (worn)
Jewellery
 h - an amulet of faith (around neck)
Scrolls
 f - 2 scrolls of blinking {unknown}
Potions
 d - a potion of brilliance {unknown}
 e - a potion of curing {unknown}
 g - a potion of flight {unknown}
 i - a potion of cancellation {unknown}
 j - a potion of magic {unknown}

Dungeon Overview and Level Annotations

Branches:
Dungeon (2/15)

Altars:

Annotations:
D:2 Terence

...... ... .▒
...... ▒.▒▒.▒
...^..▒▒....
......▒..▒▒▒▒.▒
▒..........▒
.▒▒▒▒...▒.▒▒▒▒▒▒
........▒....▒
▒▒▒▒▒▒..▒▒▒▒.▒▒▒▒▒▒
.......R..▒.[.....▒
▒▒▒▒...@..▒..▒▒▒▒.▒
▒.<▒.555▒..▒ ▒.▒
▒......J▒..▒ ▒.▒
.....▒.▒..▒..▒ ▒.▒
▒▒▒..▒....▒▒▒▒ ▒.▒
▒. ▒....( ▒.▒▒▒ ▒.
▒...... ▒.<.▒ ▒!
...▒. ▒▒▒.▒


You could see Terence (ally target), an endoplasm (ally target), 2 friendly
crimson imps and a friendly white imp (summoned).


Message History

Terence hits you with a +0 hand axe!
* * * LOW HITPOINT WARNING * * *
The kobold closely misses you.
Your crimson imp closely misses Terence.
Terence hits your crimson imp with a +0 hand axe.
Your crimson imp misses Terence.
You hit the kobold.
The kobold is moderately wounded.
Terence hits your shadow imp with a +0 hand axe!
The kobold barely misses you.
You hit the kobold.
You kill the kobold!
Your crimson imp hits Terence.
The endoplasm hits your crimson imp but does no damage.
Your crimson imp hits Terence but does no damage.
Your shadow imp gestures at the endoplasm.
The endoplasm barely resists.
Your crimson imp barely misses Terence.
Terence hits your shadow imp with a +0 hand axe.
Your shadow imp dies!
Your crimson imp hits Terence but does no damage.
Your crimson imp hits Terence but does no damage.
Your crimson imp hits Terence but does no damage.
A beastly little devil appears in a puff of frigid air.
* * * LOW HITPOINT WARNING * * *
Your crimson imp barely misses Terence.
You hit Terence.
Terence is moderately wounded.
Terence hits you with a +0 hand axe.
You die...

Action                   || total
-------------------------++-------
Melee: Dagger            ||   153
Throw: Dart              ||     8
 Cast: Summon Small Mamm ||     2
       Call Imp          ||     6
 Stab: Sleeping          ||     3
Armor: Robe              ||    37
Dodge: Dodged            ||   103

Levels and vault maps discovered:
D:1:      dpeg_arrival_tiny_i, layout_basic
D:2:      layout_basic, uniq_terence

Notes
Turn   | Place    | Note
-------+----------+-------------------------------------------
     0 | D:1      | sanka the Djinni Summoner began the quest for the Orb.
     0 | D:1      | Reached XP level 1. HP: 15/15 MP: 0/0
   192 | D:1      | Reached skill level 4 in Spellcasting
   192 | D:1      | Reached XP level 2. HP: 11/21 MP: 0/0
   532 | D:1      | Reached skill level 1 in Fighting
   894 | D:1      | Reached XP level 3. HP: 13/28 MP: 0/0
   894 | D:1      | Learned a level 1 spell: Sting
  1218 | D:1      | Reached skill level 2 in Fighting
  1965 | D:2      | Noticed Terence
  1980 | D:2      | Slain by Terence

Vanquished Creatures
  3 dart slugs (D:1)
  3 endoplasms
  A giant cockroach (D:1)
  2 goblins (D:1)
  2 hobgoblins (D:1)
  5 jackals (D:1)
  5 kobolds
  A quokka (D:1)
  4 ball pythons (D:1)
  5 bats (D:1)
  A frilled lizard (D:1)
  3 rats
35 creatures vanquished.

Vanquished Creatures (collateral kills)
  A goblin (D:1)
  3 jackals (D:1)
4 creatures vanquished.

Grand Total: 39 creatures vanquished
